 Dungeon Crawl Stone Soup version 0.30.1-3-gfc49f6343a (webtiles) character file.

Game seed: 2877841283629190289

4 Bronimir the Grave Robber (level 1, -3/13 HPs)
             Began as a Human Necromancer on July 28, 2023.
             Slain by a goblin
             ... wielding a +0 dagger
              (4 damage)
             ... on level 1 of the Dungeon.
             The game lasted 00:01:27 (129 turns).

Bronimir the Grave Robber (Human Necromancer)        Turns: 129, Time: 00:01:28

Health: -3/13      AC:  2    Str:  8    XL:     1   Next: 66%
Magic:  1/3        EV: 12    Int: 15    God:
Gold:   23         SH:  0    Dex: 13    Spells: 3/4 levels left

rFire   . . .        (no weapon)
rCold   . . .        (no shield)
rNeg    . . .        a - +0 robe
rPois   .            (no helmet)
rElec   .            (no cloak)
rCorr   .            (no gloves)
SInv    .            (no boots)
Will    .....        (no amulet)
Stlth   ++           (no ring)
HPRegen 0.22/turn    (no ring)
MPRegen 0.08/turn

%: no passive effects
@: no status effects
A: no striking features
a: no special abilities


You were on level 1 of the Dungeon.
You visited 1 branch of the dungeon, and saw 1 of its levels.

You collected 23 gold pieces.

Inventory:

Missiles
 c - 5 stones
Armour
 a - a +0 robe (worn)
Potions
 b - a potion of magic


   Skills:
 + Level 2.0 Dodging
 + Level 2.0 Stealth
 * Level 2.0 Spellcasting
 * Level 4.2 Necromancy


You had 3 spell levels left.
You knew the following spells:

 Your Spells              Type           Power      Damage    Failure   Level
a - Necrotise             Necr           56%        1d6       4%          1

Your spell library contained the following spells:

 Spells                   Type           Power      Damage    Failure   Level
 Vampiric Draining        Necr           14%        2d7       12%         3
 Animate Dead             Necr           14%        N/A       36%         4
 Agony                    Necr           14%        N/A       73%         5


Dungeon Overview and Level Annotations

Branches:
Dungeon (1/15)

Altars:

Shops:
D:1 (


Message History

A rat comes into view.
The giant cockroach writhes in agony.
The giant cockroach bites you but does no damage.
The giant cockroach bites you.
You are too injured to fight recklessly!
You are too injured to fight recklessly!
Casting: Necrotise (safe; 4% risk of failure)
Confirm with . or Enter, or press ? or * to list all spells.
Aiming: Necrotise (safe; 4% risk of failure)
Press: ? - help, Shift-Dir - straight line, f/p - giant cockroach
Aim: a giant cockroach (almost dead, chance to affect: 83%)
The giant cockroach writhes in agony.
You kill the giant cockroach!
The bat barely misses you. The rat attacks as you move away! The rat bites you.
A hobgoblin comes into view.
The hobgoblin shouts!
The hobgoblin closely misses you.
The rat writhes in agony.
You kill the rat!
The dead are walking!
Something hits your rat skeleton. x2
The hobgoblin hits you. Something hits your rat skeleton.
The bat hits your rat skeleton. x3
The bat hits your rat skeleton.
Your rat skeleton is destroyed!
The bat barely misses you. The goblin barely misses you.
You hit the goblin.
The goblin is moderately wounded.
The bat barely misses you. x2; The goblin hits you with a +0 dagger.
* * * LOW HITPOINT WARNING * * *
You barely miss the goblin.
The goblin is moderately wounded.
The bat barely misses you. The bat misses you.
The hobgoblin closely misses you. The goblin hits you but does no damage.
You hit the goblin but do no damage.
The goblin is moderately wounded.
The bat misses you. The bat hits you.
* * * LOW HITPOINT WARNING * * *
The hobgoblin barely misses you. The goblin hits you with a +0 dagger.
You die...

w### .'.## .#.g###
###..g## #####..##
##≈###gb#####
≈≈P≈###r##r.
PP8P≈#..##.########
..P≈##..##...wgg@b#
.<.........######g#
..P≈##........# #g#
♣P8P≈#..#####.# #.#
≈≈P≈##..# ....#
##≈##...###### ####
####.#......#
#∩#.##g..#
#.#..#...#


You could see a dart slug, 3 hobgoblins, a goblin and a bat.

Vanquished Creatures
  A giant cockroach (D:1)
  A hobgoblin (D:1)
  A ball python (D:1)
  A rat (D:1)
4 creatures vanquished.

Notes
Turn   | Place    | Note
-------+----------+-------------------------------------------
     0 | D:1      | Bronimir the Human Necromancer began the quest for the Orb.
     0 | D:1      | Reached XP level 1. HP: 13/13 MP: 3/3
     4 | D:1      | Found Memih's Weapon Boutique.
   129 | D:1      | Slain by a goblin

Illustrated notes

Levels and vault maps discovered:
D:1:      ldierk_walled_garden_2, layout_basic, serial_shops, shop

Action                     || total
---------------------------++-------
  Melee: Unarmed           ||     4
   Cast: Necrotise         ||     7
 Armour: Robe              ||    13
  Dodge: Dodged            ||    54
